SAA
LANCASTER FARMERS @ PHOENIX HOTSPUR YOUTH
08/25/2038
 
TOP OF THE 1ST
Lancaster Farmers batting - Pitching for Phoenix Hotspur Youth : RHP Matt Dunn
Pitching: RHP Matt Dunn
Batting: LHB Ryan Ferguson 0-0: Called Strike
0-1: Ball
1-1: Ball
2-1: Ball
3-1: SINGLE (Groundball, 34D, EV 104.4 MPH)
Batting: LHB Alfonso Pacheco 0-0: Grounds into double play, 6-4-3 (Groundball, 6, EV 85.0 MPH)
Batting: RHB Yaakov Shmerkin 0-0: Ball
1-0: Called Strike
1-1: Ball
2-1: Swinging Strike
2-2: Foul Ball, location: 2F
2-2: Ground out 6-3 (Groundball, 6, EV 98.1 MPH)
Top of the 1st over - 0 runs, 1 hit, 0 errors, 0 left on base; Lancaster 0 - Phoenix Hotspur 0
BOTTOM OF THE 1ST
Phoenix Hotspur Youth batting - Pitching for Lancaster Farmers : RHP Robert Alves
Pitching: RHP Robert Alves
Batting: RHB Eugene McClellan 0-0: Called Strike
0-1: Foul Ball, location: 2F
0-2: Ball
1-2: Foul Ball, location: 2F
1-2: Ball
2-2: SINGLE (Groundball, 6, EV 83.1 MPH) (infield hit)
Batting: LHB Carel Oskamp 0-0: Ball
1-0: Ball
2-0: Fly out, F9 (Line Drive, 9, EV 106.2 MPH)
Batting: RHB Peer Kattenberg 0-0: Called Strike
0-1: Ball
1-1: Ball
2-1: Called Strike
2-2: SINGLE (Line Drive, 9LS, EV 107.5 MPH)
Eugene McClellan to second
Batting: LHB Alfonso Ramírez 0-0: Ball
1-0: Fly out, F8 (Flyball, 8RD, EV 105.6 MPH)
Batting: RHB Frank Ray 0-0: Ball
1-0: Fly out, F3 (Popup, 34, EV 50.6 MPH)
Bottom of the 1st over - 0 runs, 2 hits, 0 errors, 2 left on base; Lancaster 0 - Phoenix Hotspur 0
TOP OF THE 2ND
Lancaster Farmers batting - Pitching for Phoenix Hotspur Youth : RHP Matt Dunn
Batting: LHB Bryan Decker 0-0: Ball
1-0: Foul Ball, location: 2F
1-1: Ball
2-1: Fly out, F7 (Flyball, 78M, EV 93.1 MPH)
Batting: RHB Dragoljub Kandic 0-0: Ball
1-0: Ball
2-0: Called Strike
2-1: Foul Ball, location: 2F
2-2: Strikes out swinging
Batting: SHB Jeremy Pollock 0-0: Ball
1-0: Ball
2-0: Ball
3-0: Base on Balls
Batting: SHB Takeshi Kovacs 0-0: Ball
1-0: Ball
2-0: Foul Ball, location: 2F
2-1: SINGLE (Flyball, 7LS, EV 84.4 MPH)
Jeremy Pollock to second
Batting: RHB Eibe Schmidt 0-0: Ball
1-0: Called Strike
1-1: Swinging Strike
1-2: Ball
2-2: Ball
3-2: Fly out, F7 (Flyball, 78D, EV 100.6 MPH)
Top of the 2nd over - 0 runs, 1 hit, 0 errors, 2 left on base; Lancaster 0 - Phoenix Hotspur 0
BOTTOM OF THE 2ND
Phoenix Hotspur Youth batting - Pitching for Lancaster Farmers : RHP Robert Alves
Batting: LHB Pancho Coloma 0-0: Ball
1-0: Foul Ball, location: 2F
1-1: Swinging Strike
1-2: Fly out, F9 (Flyball, 9S, EV 91.2 MPH)
Batting: RHB Nathan Pruitt 0-0: Ball
1-0: Ball
2-0: Ball
3-0: Base on Balls
Batting: LHB Keith York 0-0: Ball
1-0: Ball
2-0: Swinging Strike
2-1: Swinging Strike
2-2: Ball
3-2: Strikes out swinging
Batting: RHB Tim Gray 0-0: Called Strike
0-1: Swinging Strike
0-2: DOUBLE (Line Drive, 9LD, EV 101.9 MPH)
Nathan Pruitt to third
Runner from 3rd tries for Home, SAFE, throw by RF to trailing runner, SAFE at third!
Batting: RHB Eugene McClellan 0-0: Ball
1-0: Ball
2-0: Called Strike
2-1: Swinging Strike
2-2: Fly out, F8 (Line Drive, 8RM, EV 91.2 MPH)
Bottom of the 2nd over - 1 run, 1 hit, 0 errors, 1 left on base; Lancaster 0 - Phoenix Hotspur 1
TOP OF THE 3RD
Lancaster Farmers batting - Pitching for Phoenix Hotspur Youth : RHP Matt Dunn
Batting: LHB Mfiondu Kabengele 0-0: Ground out 6-3 (Groundball, 6, EV 79.4 MPH)
Batting: LHB Ryan Ferguson 0-0: Ball
1-0: Foul Ball, location: 2F
1-1: Swinging Strike
1-2: Ball
2-2: Foul Ball, location: 2F
2-2: Ground out 5-3 (Groundball, 56S, EV 74.4 MPH)
Batting: LHB Alfonso Pacheco 0-0: Swinging Strike
0-1: Foul Ball, location: 2F
0-2: Ball
1-2: Strikes out looking
Top of the 3rd over - 0 runs, 0 hits, 0 errors, 0 left on base; Lancaster 0 - Phoenix Hotspur 1
BOTTOM OF THE 3RD
Phoenix Hotspur Youth batting - Pitching for Lancaster Farmers : RHP Robert Alves
Batting: LHB Carel Oskamp 0-0: Ball
1-0: Called Strike
1-1: Swinging Strike
1-2: Ball
2-2: SINGLE (Flyball, 89S, EV 84.4 MPH)
Batting: RHB Peer Kattenberg 0-0: Ball
Carel Oskamp steals 2nd base
1-0: Called Strike
1-1: Foul Ball, location: 2F
1-2: Ball
2-2: Ground out 4-3 (Groundball, 4M, EV 86.2 MPH)
Carel Oskamp to third
Batting: LHB Alfonso Ramírez 0-0: Ball
1-0: SINGLE (Line Drive, 7S, EV 88.8 MPH)
Carel Oskamp scores
Batting: RHB Frank Ray 0-0: Called Strike
0-1: Foul Ball, location: 2F
0-2: Ball
1-2: SINGLE (Groundball, 34D, EV 95.6 MPH)
Alfonso Ramírez to second
Runner from 2nd tries for 3rd, SAFE, no throw by RF
Batting: LHB Pancho Coloma 0-0: Ball
1-0: Fielders Choice at 2nd, 4-6 (Groundball, 4S, EV 89.4 MPH)
Alfonso Ramírez scores
Batting: RHB Nathan Pruitt 0-0: Ball
1-0: Fly out, F8 (Line Drive, 8RD, EV 95.0 MPH)
Bottom of the 3rd over - 2 runs, 3 hits, 0 errors, 1 left on base; Lancaster 0 - Phoenix Hotspur 3
TOP OF THE 4TH
Lancaster Farmers batting - Pitching for Phoenix Hotspur Youth : RHP Matt Dunn
Batting: RHB Yaakov Shmerkin 0-0: Called Strike
0-1: Swinging Strike
0-2: Strikes out swinging
Batting: LHB Bryan Decker 0-0: Foul Ball, location: 2F
0-1: Ball
1-1: Called Strike
1-2: Foul Ball, location: 2F
1-2: Fly out, F7 (Flyball, 78S, EV 89.4 MPH)
Batting: RHB Dragoljub Kandic 0-0: Called Strike
0-1: Ball
1-1: Foul Ball, location: 2F
1-2: Strikes out swinging
Top of the 4th over - 0 runs, 0 hits, 0 errors, 0 left on base; Lancaster 0 - Phoenix Hotspur 3
BOTTOM OF THE 4TH
Phoenix Hotspur Youth batting - Pitching for Lancaster Farmers : RHP Robert Alves
Batting: LHB Keith York 0-0: Called Strike
0-1: Ball
1-1: Fly out, F5 (Popup, 56, EV 82.5 MPH)
Batting: RHB Tim Gray 0-0: Called Strike
0-1: Swinging Strike
0-2: DOUBLE (Groundball, 5L, EV 103.8 MPH)
Batting: RHB Eugene McClellan 0-0: Fly out, F4 (Line Drive, 4, EV 67.5 MPH)
Batting: LHB Carel Oskamp 0-0: Called Strike
0-1: Swinging Strike
0-2: Strikes out swinging
Bottom of the 4th over - 0 runs, 1 hit, 0 errors, 1 left on base; Lancaster 0 - Phoenix Hotspur 3
TOP OF THE 5TH
Lancaster Farmers batting - Pitching for Phoenix Hotspur Youth : RHP Matt Dunn
Batting: SHB Jeremy Pollock 0-0: Called Strike
0-1: Swinging Strike
0-2: Foul Ball, location: 2F
0-2: Ball
1-2: Strikes out swinging
Batting: SHB Takeshi Kovacs 0-0: Called Strike
0-1: Swinging Strike
0-2: Strikes out swinging
Batting: RHB Eibe Schmidt 0-0: Called Strike
0-1: Called Strike
0-2: Ball
1-2: Foul Ball, location: 2F
1-2: Ball
2-2: Foul Ball, location: 2F
2-2: Ground out 5-3 (Groundball, 56S, EV 83.1 MPH)
Top of the 5th over - 0 runs, 0 hits, 0 errors, 0 left on base; Lancaster 0 - Phoenix Hotspur 3
BOTTOM OF THE 5TH
Phoenix Hotspur Youth batting - Pitching for Lancaster Farmers : RHP Robert Alves
Batting: RHB Peer Kattenberg 0-0: Foul Ball, location: 2F
0-1: Fly out, F8 (Flyball, 8LM, EV 84.4 MPH)
Batting: LHB Alfonso Ramírez 0-0: Ball
1-0: Ball
2-0: Ball
3-0: Base on Balls
Batting: RHB Hal Larson 0-0: Called Strike
0-1: Ball
1-1: Ball
2-1: Called Strike
2-2: Ball
3-2: Strikes out looking
Batting: LHB Pancho Coloma 0-0: Foul Ball, location: 2F
0-1: Ball
1-1: Ball
2-1: Foul Ball, location: 2F
2-2: Fly out, F8 (Flyball, 8RS, EV 85.6 MPH)
Bottom of the 5th over - 0 runs, 0 hits, 0 errors, 1 left on base; Lancaster 0 - Phoenix Hotspur 3
TOP OF THE 6TH
Lancaster Farmers batting - Pitching for Phoenix Hotspur Youth : RHP Matt Dunn
Batting: LHB Mfiondu Kabengele 0-0: Foul Ball, location: 2F
0-1: Ball
1-1: Foul Ball, location: 2F
1-2: Ball
2-2: Ground out 5-3 (Groundball, 56, EV 97.5 MPH)
Batting: LHB Ryan Ferguson 0-0: Ball
1-0: Foul Ball, location: 2F
1-1: Ball
2-1: Foul Ball, location: 2F
2-2: Ground out 4-3 (Groundball, 34, EV 87.5 MPH)
Batting: LHB Alfonso Pacheco 0-0: Called Strike
0-1: Ball
1-1: SINGLE (Groundball, 34D, EV 95.6 MPH)
Batting: RHB Yaakov Shmerkin 0-0: Ball
1-0: Ball
2-0: Foul Ball, location: 2F
2-1: Foul Ball, location: 2F
2-2: 2-RUN HOME RUN (Flyball, 78XD, EV 106.9 MPH), Distance : 409 ft
Batting: LHB Bryan Decker 0-0: Ball
1-0: Ball
2-0: Ball
3-0: Called Strike
3-1: Called Strike
3-2: Ground out 6-3 (Groundball, 6, EV 84.4 MPH)
Top of the 6th over - 2 runs, 2 hits, 0 errors, 0 left on base; Lancaster 2 - Phoenix Hotspur 3
BOTTOM OF THE 6TH
Phoenix Hotspur Youth batting - Pitching for Lancaster Farmers : RHP Robert Alves
Batting: RHB Nathan Pruitt 0-0: Called Strike
0-1: Ball
1-1: Swinging Strike
1-2: Strikes out swinging
Batting: LHB Keith York 0-0: Ball
1-0: Swinging Strike
1-1: Ball
2-1: Foul Ball, location: 2F
2-2: Strikes out looking
Batting: RHB Tim Gray 0-0: Ball
1-0: Ball
2-0: Foul Ball, location: 2F
2-1: Ball
3-1: Swinging Strike
3-2: Strikes out swinging
Bottom of the 6th over - 0 runs, 0 hits, 0 errors, 0 left on base; Lancaster 2 - Phoenix Hotspur 3
TOP OF THE 7TH
Lancaster Farmers batting - Pitching for Phoenix Hotspur Youth : RHP Matt Dunn
Batting: RHB Dragoljub Kandic 0-0: Called Strike
0-1: Foul Ball, location: 2F
0-2: Ball
1-2: Fly out, F8 (Flyball, 8LXD, EV 93.8 MPH)
Batting: SHB Jeremy Pollock 0-0: Ball
1-0: Ball
2-0: Called Strike
2-1: Foul Ball, location: 2F
2-2: Foul Ball, location: 2F
2-2: Fly out, F8 (Flyball, 8LM, EV 91.9 MPH)
Batting: SHB Takeshi Kovacs 0-0: TRIPLE (Line Drive, 78XD, EV 105.0 MPH)
Pitching: RHP Luis Bruno
Batting: RHB Eibe Schmidt 0-0: Ball
1-0: Ball
2-0: Foul Ball, location: 2F
2-1: Ball
3-1: Called Strike
3-2: Strikes out swinging
Top of the 7th over - 0 runs, 1 hit, 0 errors, 1 left on base; Lancaster 2 - Phoenix Hotspur 3
BOTTOM OF THE 7TH
Phoenix Hotspur Youth batting - Pitching for Lancaster Farmers : RHP Robert Alves
Batting: RHB Eugene McClellan 0-0: Called Strike
0-1: Ball
1-1: Fly out, F7 (Flyball, 7LM, EV 98.1 MPH)
Batting: LHB Carel Oskamp 0-0: Called Strike
0-1: Ball
1-1: SINGLE (Groundball, 4MD, EV 108.8 MPH)
Pitching: RHP Tung-chi Ran
Batting: RHB Peer Kattenberg 0-0: Ball
1-0: Ball
2-0: Foul Ball, location: 2F
2-1: Foul Ball, location: 2F
2-2: Reached on error, E6 (Groundball, 6, EV 88.8 MPH)
Carel Oskamp to second
Batting: LHB Alfonso Ramírez 0-0: Called Strike
0-1: Called Strike
0-2: Strikes out looking
Batting: RHB Hal Larson 0-0: Called Strike
0-1: Swinging Strike
0-2: Fly out, F9 (Flyball, 9, EV 90.0 MPH)
Bottom of the 7th over - 0 runs, 1 hit, 1 error, 2 left on base; Lancaster 2 - Phoenix Hotspur 3
TOP OF THE 8TH
Lancaster Farmers batting - Pitching for Phoenix Hotspur Youth : RHP Luis Bruno
Batting: LHB Mfiondu Kabengele 0-0: Called Strike
0-1: Ball
1-1: Ground out 5-3 (Groundball, 5, EV 91.9 MPH)
Batting: LHB Ryan Ferguson 0-0: Called Strike
0-1: Ground out 4-3 (Groundball, 4, EV 79.4 MPH)
Batting: LHB Alfonso Pacheco 0-0: Called Strike
0-1: Foul Ball, location: 2F
0-2: Ball
1-2: SINGLE (Groundball, 4MD, EV 94.4 MPH)
Batting: RHB Yaakov Shmerkin 0-0: Ball
1-0: Ball
2-0: Called Strike
2-1: Swinging Strike
2-2: Fielders Choice at 2nd, 6-4 (Groundball, 56, EV 101.2 MPH)
Top of the 8th over - 0 runs, 1 hit, 0 errors, 1 left on base; Lancaster 2 - Phoenix Hotspur 3
BOTTOM OF THE 8TH
Phoenix Hotspur Youth batting - Pitching for Lancaster Farmers : RHP Tung-chi Ran
Batting: LHB Pancho Coloma 0-0: Ball
1-0: Foul Ball, location: 2F
1-1: Called Strike
1-2: Ball
2-2: SINGLE (Groundball, 5, EV 107.5 MPH) (infield hit)
Batting: RHB Nathan Pruitt 0-0: Ball
1-0: Ball
2-0: Foul Ball, location: 2F
2-1: Foul Ball, location: 2F
2-2: Ball
3-2: Foul Ball, location: 2F
3-2: Strikes out swinging
Batting: LHB Keith York 0-0: Ball
1-0: Foul Ball, location: 2F
1-1: Foul Ball, location: 2F
1-2: SINGLE (Groundball, 6MD, EV 95.6 MPH)
Pancho Coloma to second
Batting: RHB Tim Gray 0-0: Ball
1-0: Ball
2-0: Called Strike
2-1: Fly out, F7 (Flyball, 7S, EV 86.2 MPH)
Batting: RHB Eugene McClellan 0-0: Ball
1-0: Swinging Strike
1-1: Swinging Strike
1-2: Ball
2-2: Ball
3-2: Ground out 5-3 (Groundball, 56, EV 80.0 MPH)
Bottom of the 8th over - 0 runs, 2 hits, 0 errors, 2 left on base; Lancaster 2 - Phoenix Hotspur 3
TOP OF THE 9TH
Lancaster Farmers batting - Pitching for Phoenix Hotspur Youth : RHP Luis Bruno
Pitching: RHP Eduardo Arroyo
Now at 2B: Ronnie Wise
Batting: LHB Bryan Decker 0-0: Ball
1-0: DOUBLE (Line Drive, 7LS, EV 96.2 MPH)
Batting: RHB Dragoljub Kandic 0-0: Ball
1-0: Ball
2-0: Called Strike
2-1: SINGLE (Groundball, 6MD, EV 101.2 MPH)
Bryan Decker to third
Runner from 3rd tries for Home, SAFE, no throw by CF
Batting: SHB Jeremy Pollock 0-0: Sac Bunt to 2L - play at first, batter OUT! 2-4
Dragoljub Kandic to second
Batting: SHB Takeshi Kovacs 0-0: Intentional Walk
Batting: RHB Eibe Schmidt 0-0: Hit by Pitch
Dragoljub Kandic to third
Takeshi Kovacs to second
Batting: LHB Mfiondu Kabengele 0-0: Called Strike
0-1: Foul Ball, location: 2F
0-2: Ball
1-2: Strikes out swinging
Batting: LHB Ryan Ferguson 0-0: Ball
1-0: Foul Ball, location: 2F
1-1: Ball
2-1: DOUBLE (Line Drive, 78D, EV 105.6 MPH)
Dragoljub Kandic scores
Takeshi Kovacs scores
Eibe Schmidt to third
Runner from 3rd tries for Home, SAFE, throw by LF to home
Pitching: RHP Benjie Cacdac
Batting: LHB Alfonso Pacheco 0-0: Ball
Wild Pitch!
Ryan Ferguson to third
1-0: SINGLE (Groundball, 4D, EV 103.8 MPH)
Ryan Ferguson scores
Batting: RHB Yaakov Shmerkin 0-0: Ball
1-0: Ball
2-0: SINGLE (Line Drive, 8RS, EV 95.6 MPH)
Alfonso Pacheco to second
Runner from 2nd tries for 3rd, SAFE, no throw by CF
Batting: LHB Bryan Decker 0-0: 3-RUN HOME RUN (Flyball, 9LD, EV 103.8 MPH), Distance : 339 ft
Batting: RHB Dragoljub Kandic 0-0: Called Strike
0-1: SINGLE (Line Drive, 8LS, EV 85.6 MPH)
Batting: SHB Jeremy Pollock 0-0: Ball
1-0: Fly out, F9 (Flyball, 9S, EV 90.6 MPH)
Top of the 9th over - 8 runs, 7 hits, 0 errors, 1 left on base; Lancaster 10 - Phoenix Hotspur 3
BOTTOM OF THE 9TH
Phoenix Hotspur Youth batting - Pitching for Lancaster Farmers : RHP Tung-chi Ran
Batting: LHB Carel Oskamp 0-0: Foul Ball, location: 2F
0-1: Ball
1-1: Ball
2-1: SINGLE (Line Drive, 7S, EV 103.8 MPH)
Batting: RHB Peer Kattenberg 0-0: Called Strike
0-1: Ball
1-1: Ball
2-1: Ball
3-1: SINGLE (Line Drive, 78S, EV 108.1 MPH)
Carel Oskamp to second
Batting: LHB Alfonso Ramírez 0-0: Ball
1-0: Foul Ball, location: 2F
1-1: Grounds into double play, 5-4-3 (Groundball, 56S, EV 87.5 MPH)
Carel Oskamp to third
Batting: RHB Hal Larson 0-0: SINGLE (Groundball, 6D, EV 95.0 MPH)
Carel Oskamp scores
Batting: LHB Pancho Coloma 0-0: Foul Ball, location: 2F
0-1: Called Strike
0-2: Foul Ball, location: 2F
0-2: Ball
1-2: SINGLE (Flyball, 89S, EV 96.9 MPH)
Hal Larson to second
Batting: RHB Nathan Pruitt 0-0: Foul Ball, location: 2F
0-1: Swinging Strike
0-2: Foul Ball, location: 2F
0-2: Foul Ball, location: 2F
0-2: Ball
1-2: Ball
2-2: Foul Ball, location: 2F
2-2: Ball
3-2: Ground out 1-3 (Groundball, 15, EV 86.2 MPH)
Bottom of the 9th over - 1 run, 4 hits, 0 errors, 2 left on base; Lancaster 10 - Phoenix Hotspur 4
Friday, April 17th, 2020 - OOTP Baseball 20.8 Build 74